 Dungeon Crawl Stone Soup version 0.19-a0-1686-g35356ef (webtiles) character file.

67 JeffiDaFish the Firebug (level 3, -1/27 HPs)
             Began as a Draconian Fire Elementalist on Sept 25, 2016.
             Slain by a goblin (6 damage)
             ... led by Robin
             ... on level 2 of the Dungeon.
             The game lasted 00:07:04 (1862 turns).

JeffiDaFish the Firebug (DrFE)                      Turns: 1862, Time: 00:07:05

Health: -1/27      AC:  6    Str: 10    XL:     3   Next: 98%
Magic:  6/6        EV: 15    Int: 16    God:
Gold:   118        SH:  0    Dex: 11    Spells: 2 memorised, 4 levels left

rFire  . . .     SeeInvis .     i - +0 falchion
rCold  . . .     Gourm    .     (armour unavailable)
rNeg   . . .     Faith    .     (no shield)
rPois  .         Spirit   .     (helmet restricted)
rElec  .         Dismiss  .     (no cloak)
rCorr  .         Reflect  .     (no gloves)
MR     +....     Harm     .     (no boots)
Stlth  ++........               (no amulet)
                                e - +3 ring of evasion
                                f - ring of protection from magic

@: no status effects
A: unfitting armour, cold-blooded, AC +5
a: no special abilities


You were on level 2 of the Dungeon.
You were not hungry.

You visited 1 branch of the dungeon, and saw 3 of its levels.

You collected 118 gold pieces.

Inventory:

Hand Weapons
 h - a +0 short sword
 i - a +0 falchion (weapon)
Jewellery
 e - a +3 ring of evasion (right hand)
 f - a ring of protection from magic (left hand)
 k - a +4 ring of evasion
Scrolls
 d - 4 scrolls of remove curse
 g - a scroll of teleportation
Potions
 j - a potion of haste {unknown}
Books
 a - a book of Flames

   Spells                             Type                      Level
   a - Flame Tongue                   Conjuration/Fire             1
   b - Throw Flame                    Conjuration/Fire             2
   c - Conjure Flame                  Conjuration/Fire             3
   d - Inner Flame                    Hexes/Fire                   3
   e - Sticky Flame                   Conjuration/Fire             4
   f - Fireball                       Conjuration/Fire             5
Comestibles
 b - 2 bread rations
 c - 3 chunks of flesh
 l - 5 fruits


   Skills:
 + Level 0.7 Fighting
 + Level 0.4 Long Blades
 + Level 2.3 Dodging
 + Level 2.3 Stealth
 - Level 0.4 Unarmed Combat
 * Level 2.5 Spellcasting
 + Level 1.2 Conjurations
 + Level 3.4 Fire Magic


You had 4 spell levels left.
You knew the following spells:

 Your Spells              Type           Power        Failure   Level  Hunger
a - Flame Tongue          Conj/Fire      #....        10%         1    #......
b - Throw Flame           Conj/Fire      #.....       14%         2    ##.....


Dungeon Overview and Level Annotations

Branches:
Dungeon (3/15)

Altars:

Annotations:
D:3 Robin


Innate Abilities, Weirdness & Mutations

Your plain brown scales are hard. (AC +5)
You cannot fit into any form of body armour.
You are cold-blooded and may be slowed by cold attacks.


Message History

Robin hits you with a trident!
Found an ivory wand.
You closely miss Robin. The goblin closely misses you.
The goblin hits you but does no damage.
Robin roars a battlecry!
The goblins go into a battle-frenzy!
The goblin closely misses you. Robin throws the goblin at you!
The goblin barely misses you.
There is a stone staircase leading up here.
You can't go down here!
The goblin hits you. The hobgoblin hits you. The goblin hits you with a club.
Robin says, "A pitiful Draconian like you will never find the ORB!"
Robin throws the goblin at you! The goblin hits you with a club. x2
* * * LOW HITPOINT WARNING * * *
You climb upwards.
There is a stone staircase leading down here.
You hit the hobgoblin. You tail-slap the hobgoblin.
The hobgoblin is almost dead.
The goblin hits you.
You die...

#.##..#.###...........#
#.##>...............).(
#.......###########..#.
####.#### #....
#.######### #.##.
#.##......######.##.
#.##.............##.
#.##g##.#..#.#######
#.g@g......#.#
####g##.#..#.#
#.).....#.# #.)..>....#
###########


You could see a hobgoblin and 3 goblins.

Vanquished Creatures
  An adder (D:2)
  2 worms (D:2)
  2 leopard geckos (D:2)
  3 bats
  2 giant cockroaches
  7 hobgoblins
  4 jackals
  10 frilled lizards
  6 goblins
  8 kobolds
  7 rats
52 creatures vanquished.

Notes
Turn   | Place    | Note
-------+----------+-------------------------------------------
     0 | D:1      | JeffiDaFish the Draconian Fire Elementalist began the quest for the Orb.
     0 | D:1      | Reached XP level 1. HP: 14/14 MP: 3/3
   276 | D:1      | Reached XP level 2. HP: 15/20 MP: 1/5
   516 | D:1      | Learned a level 2 spell: Throw Flame
  1035 | D:2      | Reached XP level 3. HP: 26/26 MP: 6/6
  1833 | D:3      | Noticed Robin
  1862 | D:2      | Slain by a goblin

Vault maps used:
D:1:      dpeg_arrival_snail
D:2:      minmay_cut_off
D:3:      gammafunk_temple_overflow_statue, ecumenical_altar_1,
          kennysheep_cluttered_room, uniq_robin

Skill      XL: |  1  2 |
---------------+-------+-----
Stealth        | 2 |  2.3
Dodging        | 2 |  2.3
Fighting       | |  0.7
Long Blades    | |  0.4
Unarmed Combat | |  0.4
Spellcasting   | |  2.5
Conjurations   | |  1.2
Fire Magic     | |  3.4

Action                   || total
-------------------------++-------
Melee: Unarmed           ||    82
       Tailslap          ||    24
       Short sword       ||    19
       Falchion          ||   103
 Cast: Flame Tongue      ||    12
       Throw Flame       ||     2
  Use: Scroll            ||     2
 Stab: Sleeping          ||     4
  Eat: Chunk             ||     4
Armor: Skin              ||    55
Dodge: Dodged            ||   182
